[ AOE2 MATCH · #506289299 ]
UnrankedPortuguese vs Shu
Player's team · WIN
Rival team · LOSS
[ REPLAY ANALYSIS · EXTRACTED FROM THE RECORDED GAME ]
Feudal
10:59
Castle
22:26
Imperial
—
| APM avg | 67.3 |
| APM peak | 119 |
| eAPM avg | 32.5 |
| Villagers / military | 57 / 39 |
Focus
⚔️ 55.4% · 🌾 44.6%
Militia ×15 · Skirmisher ×12 · Cavalry Archer ×12
Feudal
10:22
Castle
25:02
Imperial
—
| APM avg | 56.7 |
| APM peak | 87 |
| eAPM avg | 28.2 |
| Villagers / military | 47 / 30 |
Focus
⚔️ 42.8% · 🌾 57.2%
Archer ×17 · Militia ×13 · Unknown (1944) ×4
Match map
Initial resources + every placement click. Lines = walls · curves = elevation contours. ◆ gold · ⬟ stone · ● berries · ✦ relic · ◌ wall gap
Your base· Open — 1t gap
Darth Maul's base· Open — 2t gap
Smoothed initial terrain · ◌ = detected wall gap · hover for details
Inputs per minute
— Mariann - - Darth Maul
Build order — Mariann
First 150 of 161 actions detected
| 0:00 | Create | Villager (Male) |
| 0:02 | Build | House |
| 0:03 | Build | House |
| 0:10 | Create | Villager (Male) |
| 0:10 | Create | Villager (Male) |
| 0:11 | Create | Villager (Male) |
| 1:23 | Create | Villager (Male) |
| 1:50 | Build | Lumber Camp |
| 1:53 | Create | Villager (Male) |
| 2:27 | Create | Villager (Male) |
| 2:51 | Create | Villager (Male) |
| 3:19 | Create | Villager (Male) |
| 3:24 | Create | Villager (Male) |
| 3:24 | Create | Villager (Male) |
| 3:28 | Build | House |
| 3:40 | Build | House |
| 4:20 | Build | Mill |
| 4:35 | Create | Villager (Male) |
| 4:35 | Create | Villager (Male) |
| 4:52 | Create | Villager (Male) |
| 4:52 | Create | Villager (Male) |
| 4:57 | Create | Villager (Male) |
| 5:15 | Create | Villager (Male) |
| 6:16 | Create | Villager (Male) |
| 6:36 | Create | Villager (Male) |
| 6:39 | Build | House |
| 6:43 | Research | Loom |
| 6:43 | Research | Loom |
| 6:43 | Create | Villager (Male) |
| 6:44 | Create | Villager (Male) |
| 7:08 | Build | Mining Camp |
| 7:22 | Create | Villager (Male) |
| 7:58 | Create | Villager (Male) |
| 8:18 | Build | House |
| 8:49 | Research | Feudal Age |
| 10:02 | Build | Barracks |
| 10:39 | Create | Villager (Male) |
| 10:42 | Build | Mining Camp |
| 10:44 | Create | Militia |
| 10:44 | Create | Militia |
| 10:44 | Create | Militia |
| 10:51 | Build | Palisade Wall |
| 10:58 | Build | Palisade Wall |
| 10:59 | Build | Palisade Wall |
| 10:59 | Age | Feudal Age |
| 11:02 | Build | Palisade Wall |
| 11:39 | Create | Villager (Male) |
| 11:39 | Create | Villager (Male) |
| 12:06 | Research | Man-at-Arms (upgrade) |
| 12:24 | Create | Villager (Male) |
| 12:41 | Create | Militia |
| 12:41 | Create | Villager (Male) |
| 12:57 | Build | House |
| 13:06 | Create | Militia |
| 13:27 | Create | Villager (Male) |
| 13:27 | Create | Villager (Male) |
| 13:30 | Research | Double-Bit Axe |
| 13:41 | Create | Militia |
| 14:05 | Create | Militia |
| 14:09 | Build | Farm |
| 14:14 | Create | Villager (Male) |
| 14:29 | Create | Villager (Male) |
| 14:32 | Build | House |
| 14:40 | Create | Villager (Male) |
| 14:45 | Build | Mill |
| 14:50 | Create | Militia |
| 14:51 | Create | Militia |
| 15:07 | Create | Villager (Male) |
| 15:10 | Build | Blacksmith |
| 15:24 | Build | Market |
| 15:32 | Create | Villager (Male) |
| 15:35 | Build | Farm |
| 15:45 | Create | Militia |
| 15:48 | Create | Villager (Male) |
| 15:51 | Build | House |
| 16:01 | Create | Militia |
| 16:05 | Create | Villager (Male) |
| 16:07 | Build | Farm |
| 16:08 | Build | Farm |
| 16:29 | Create | Militia |
| 16:39 | Build | Farm |
| 16:40 | Build | Farm |
| 16:44 | Create | Villager (Male) |
| 16:50 | Build | Watch Tower |
| 16:50 | Build | Mill |
| 17:01 | Research | Scale Mail Armor |
| 17:01 | Research | Scale Mail Armor |
| 17:04 | Create | Villager (Male) |
| 17:10 | Create | Militia |
| 17:29 | Create | Villager (Male) |
| 17:30 | Build | House |
| 17:31 | Build | House |
| 17:43 | Build | House |
| 17:44 | Build | House |
| 18:06 | Create | Villager (Male) |
| 18:36 | Create | Villager (Male) |
| 18:38 | Build | Farm |
| 18:38 | Build | Farm |
| 19:46 | Research | Castle Age |
| 19:51 | Create | Militia |
| 20:10 | Build | House |
| 20:33 | Create | Militia |
| 20:48 | Build | Archery Range |
| 21:00 | Research | Padded Archer Armor |
| 21:16 | Create | Skirmisher |
| 21:16 | Create | Skirmisher |
| 21:35 | Create | Skirmisher |
| 21:49 | Research | Fletching |
| 22:00 | Build | Archery Range |
| 22:04 | Build | Mill |
| 22:26 | Age | Castle Age |
| 22:27 | Research | Bodkin Arrow |
| 22:28 | Research | Elite Skirmisher (upgrade) |
| 22:28 | Research | Elite Skirmisher (upgrade) |
| 22:30 | Create | Villager (Male) |
| 22:30 | Create | Villager (Male) |
| 22:33 | Create | Skirmisher |
| 22:44 | Create | Villager (Male) |
| 22:57 | Create | Villager (Male) |
| 23:00 | Build | Mill |
| 23:04 | Research | Leather Archer Armor |
| 23:16 | Build | Palisade Wall |
| 23:27 | Build | Mining Camp |
| 23:32 | Create | Villager (Male) |
| 23:43 | Create | Skirmisher |
| 23:44 | Create | Villager (Male) |
| 23:46 | Create | Skirmisher |
| 24:05 | Create | Skirmisher |
| 24:06 | Create | Skirmisher |
| 24:07 | Create | Skirmisher |
| 24:15 | Create | Villager (Male) |
| 24:21 | Create | Skirmisher |
| 24:27 | Create | Skirmisher |
| 24:45 | Create | Skirmisher |
| 24:48 | Create | Villager (Male) |
| 24:50 | Build | Farm |
| 24:52 | Research | Horse Collar |
| 24:56 | Research | Bow Saw |
| 25:04 | Create | Villager (Male) |
| 25:16 | Build | Castle |
| 25:18 | Build | Mill |
| 25:20 | Create | Cavalry Archer |
| 25:23 | Create | Cavalry Archer |
| 25:34 | Create | Villager (Male) |
| 25:44 | Create | Cavalry Archer |
| 25:44 | Create | Cavalry Archer |
| 25:46 | Create | Villager (Male) |
| 26:11 | Create | Cavalry Archer |
| 26:11 | Create | Cavalry Archer |
| 26:12 | Create | Villager (Male) |
Build order — Darth Maul
First 150 of 164 actions detected
| 0:01 | Create | Villager (Male) |
| 0:01 | Create | Villager (Male) |
| 0:02 | Build | House |
| 0:03 | Build | House |
| 0:06 | Create | Villager (Male) |
| 0:06 | Create | Villager (Male) |
| 1:26 | Create | Villager (Male) |
| 1:33 | Build | Lumber Camp |
| 1:53 | Create | Villager (Male) |
| 2:17 | Create | Villager (Male) |
| 2:38 | Create | Villager (Male) |
| 3:22 | Create | Villager (Male) |
| 3:23 | Create | Villager (Male) |
| 3:25 | Build | House |
| 3:39 | Create | Villager (Male) |
| 4:31 | Create | Villager (Male) |
| 4:52 | Build | Barracks |
| 4:58 | Create | Villager (Male) |
| 5:00 | Create | Villager (Male) |
| 5:05 | Build | House |
| 5:26 | Create | Villager (Male) |
| 5:47 | Create | Militia |
| 5:47 | Create | Militia |
| 6:20 | Create | Villager (Male) |
| 6:25 | Build | Mining Camp |
| 6:40 | Create | Villager (Male) |
| 6:42 | Create | Villager (Male) |
| 7:16 | Research | Loom |
| 8:12 | Research | Feudal Age |
| 8:28 | Create | Militia |
| 8:32 | Build | House |
| 9:04 | Create | Militia |
| 9:56 | Build | Mill |
| 10:22 | Age | Feudal Age |
| 10:24 | Research | Man-at-Arms (upgrade) |
| 10:25 | Create | Villager (Male) |
| 10:31 | Research | Double-Bit Axe |
| 10:50 | Build | Watch Tower |
| 10:55 | Create | Villager (Male) |
| 10:57 | Build | Farm |
| 10:58 | Build | Farm |
| 11:02 | Build | Farm |
| 11:03 | Build | Farm |
| 11:09 | Build | Watch Tower |
| 11:12 | Research | Arson |
| 11:13 | Create | Villager (Male) |
| 11:40 | Create | Militia |
| 11:53 | Create | Villager (Male) |
| 12:15 | Create | Villager (Male) |
| 12:36 | Build | Farm |
| 12:36 | Build | Farm |
| 12:36 | Build | Farm |
| 12:36 | Build | Farm |
| 12:46 | Create | Militia |
| 13:24 | Create | Militia |
| 13:28 | Build | Farm |
| 13:31 | Build | Farm |
| 13:37 | Create | Villager (Male) |
| 13:41 | Build | House |
| 13:45 | Create | Militia |
| 14:11 | Build | House |
| 14:26 | Create | Villager (Male) |
| 14:26 | Create | Villager (Male) |
| 14:32 | Build | House |
| 14:33 | Build | Palisade Wall |
| 14:35 | Create | Villager (Male) |
| 14:39 | Build | Farm |
| 14:50 | Build | House |
| 14:51 | Build | Palisade Wall |
| 14:52 | Build | Palisade Wall |
| 14:56 | Build | House |
| 15:04 | Build | Archery Range |
| 15:07 | Create | Militia |
| 15:07 | Create | Militia |
| 15:35 | Build | House |
| 15:36 | Build | Palisade Wall |
| 15:50 | Create | Villager (Male) |
| 15:50 | Create | Villager (Male) |
| 15:50 | Create | Villager (Male) |
| 15:55 | Create | Archer |
| 15:55 | Create | Archer |
| 16:09 | Build | Blacksmith |
| 16:18 | Create | Militia |
| 16:27 | Create | Villager (Male) |
| 16:40 | Build | House |
| 16:41 | Build | Palisade Wall |
| 16:43 | Create | Archer |
| 16:45 | Create | Archer |
| 16:56 | Create | Villager (Male) |
| 16:57 | Research | Fletching |
| 17:26 | Create | Militia |
| 17:32 | Build | House |
| 17:33 | Build | Palisade Wall |
| 17:34 | Build | Palisade Wall |
| 17:45 | Build | House |
| 17:51 | Create | Villager (Male) |
| 17:56 | Build | Palisade Wall |
| 17:58 | Build | Palisade Wall |
| 18:04 | Build | House |
| 18:12 | Create | Archer |
| 18:28 | Build | House |
| 18:31 | Create | Villager (Male) |
| 18:32 | Create | Villager (Male) |
| 18:43 | Build | Palisade Wall |
| 18:46 | Create | Villager (Male) |
| 19:02 | Create | Archer |
| 19:04 | Build | House |
| 19:06 | Build | Farm |
| 19:10 | Create | Militia |
| 19:12 | Build | Palisade Wall |
| 19:24 | Build | Outpost |
| 19:26 | Create | Villager (Male) |
| 19:44 | Create | Archer |
| 19:55 | Create | Villager (Male) |
| 20:32 | Create | Villager (Male) |
| 20:34 | Build | Lumber Camp |
| 20:38 | Create | Archer |
| 20:38 | Create | Archer |
| 20:42 | Build | House |
| 20:43 | Build | Palisade Wall |
| 20:49 | Build | Market |
| 20:51 | Build | Palisade Wall |
| 21:02 | Create | Villager (Male) |
| 21:07 | Build | Farm |
| 21:07 | Create | Villager (Male) |
| 21:08 | Build | Farm |
| 21:31 | Build | Palisade Wall |
| 21:50 | Build | Palisade Wall |
| 21:54 | Build | Farm |
| 21:54 | Build | Farm |
| 21:57 | Build | Farm |
| 21:57 | Create | Villager (Male) |
| 22:04 | Build | Palisade Wall |
| 22:08 | Build | Palisade Wall |
| 22:09 | Build | Palisade Wall |
| 22:15 | Research | Castle Age |
| 22:25 | Create | Archer |
| 22:36 | Research | Horse Collar |
| 22:48 | Create | Archer |
| 22:53 | Build | Palisade Wall |
| 23:16 | Build | Stable |
| 23:26 | Create | Archer |
| 23:37 | Research | Gold Mining |
| 24:01 | Create | Villager (Male) |
| 24:02 | Create | Archer |
| 24:24 | Create | Archer |
| 24:42 | Research | Scale Barding Armor |
| 24:55 | Create | Archer |
| 25:02 | Age | Castle Age |
| 25:03 | Build | Town Center |
Match timeline
| 4:52 | Darth Maul · first_building Barracks |
| 10:02 | Mariann · first_building Barracks |
| 10:22 | Darth Maul · age_up feudal |
| 10:51 | Mariann · wall_segment Palisade Wall x1 |
| 10:58 | Mariann · wall_segment Palisade Wall x1 |
| 10:59 | Mariann · wall_segment Palisade Wall x1 |
| 10:59 | Mariann · age_up feudal |
| 11:02 | Mariann · wall_segment Palisade Wall x1 |
| 14:33 | Darth Maul · wall_segment Palisade Wall x6 |
| 14:51 | Darth Maul · wall_segment Palisade Wall x4 |
| 14:52 | Darth Maul · wall_segment Palisade Wall x1 |
| 15:04 | Darth Maul · first_building Archery Range |
| 15:36 | Darth Maul · wall_segment Palisade Wall x5 |
| 16:41 | Darth Maul · wall_segment Palisade Wall x4 |
| 17:01 | Mariann · first_market_buy 100 food |
| 17:33 | Darth Maul · wall_segment Palisade Wall x1 |
| 17:34 | Darth Maul · wall_segment Palisade Wall x1 |
| 17:56 | Darth Maul · wall_segment Palisade Wall x1 |
| 17:58 | Darth Maul · wall_segment Palisade Wall x4 |
| 18:43 | Darth Maul · wall_segment Palisade Wall x1 |
| 19:12 | Darth Maul · wall_segment Palisade Wall x1 |
| 19:23 | Mariann · first_market_sell 100 wood |
| 20:43 | Darth Maul · wall_segment Palisade Wall x6 |
| 20:48 | Mariann · first_building Archery Range |
| 20:51 | Darth Maul · wall_segment Palisade Wall x1 |
| 21:31 | Darth Maul · wall_segment Palisade Wall x1 |
| 21:50 | Darth Maul · wall_segment Palisade Wall x1 |
| 22:04 | Darth Maul · wall_segment Palisade Wall x5 |
| 22:08 | Darth Maul · wall_segment Palisade Wall x1 |
| 22:09 | Darth Maul · wall_segment Palisade Wall x1 |
| 22:14 | Darth Maul · first_market_sell 100 stone |
| 22:14 | Darth Maul · first_market_buy 100 food |
| 22:26 | Mariann · age_up castle |
| 22:53 | Darth Maul · wall_segment Palisade Wall x1 |
| 23:16 | Mariann · wall_segment Palisade Wall x1 |
| 23:16 | Darth Maul · first_building Stable |
| 25:02 | Darth Maul · age_up castle |
| 25:16 | Mariann · first_building Castle |
| 27:35 | Darth Maul · resign |
[ AI ANALYSIS · 1 CREDIT ]
What really happened in this match?
Wolo.gg analyzes every decision: build order, eco, micro, common mistakes by bracket. Personalized analysis on WhatsApp or Discord in 30 seconds.
Civ guide
Portuguese
Perfil
Jugador #4502670